 Dungeon Sprint DCSS version 0.28.0-43-g3370ac3207 (webtiles) character file.

Game seed: 212101273802163351

2627 smarlow the Protected (level 9, -1/93 HPs)
             Began as a Minotaur Fighter on Mar 11, 2022.
             Was a Priest of Okawaru.
             Slain by a demonic crawler (7 damage)
             ... in the Dungeon (Sprint I: "Red Sonja").
             The game lasted 00:03:41 (1297 turns).

smarlow the Protected (Minotaur Fighter)            Turns: 1297, Time: 00:03:42

Health: -1/93      AC: 15    Str: 26    XL:     9   Next: 35%
Magic:  8/8        EV: 11    Int:  5    God:    Okawaru [***...]
Gold:   489        SH:  6    Dex:  5    Spells: 8/8 levels left

rFire   . . .      SeeInvis .   a - +0 war axe
rCold   . . .      Faith    .   c - +0 buckler
rNeg    . . .      Spirit   .   k - +4 ring mail of Tenacity {rElec rPois Dex-4 Stlth+}
rPois   +          Reflect  .   (helmet restricted)
rElec   +          Harm     .   (no cloak)
rCorr   .          Rampage  .   l - +2 pair of gloves
Will    .....      NoTele   +   (no boots)
Stlth   ++........              (no amulet)
HPRegen 0.25/turn               (no ring)
MPRegen 0.11/turn               (no ring)

@: no status effects
A: horns 2, retaliatory headbutt
a: Renounce Religion, Heroism


You were in the Dungeon.
You worshipped Okawaru.
Okawaru was most pleased with you.
You visited 1 branch You collected 852 gold pieces.
You spent 363 gold pieces at shops.

Inventory:

Hand Weapons
 a - a +0 war axe (weapon)
Armour
 b - a +0 scale mail
 c - a +0 buckler (worn)
 k - the +4 ring mail of Tenacity (worn) {rElec rPois Dex-4 Stlth+}
   (You bought it in a shop in the Dungeon)

   Dex:       It affects your dexterity (-4).
   rElec:     It insulates you from electricity.
   rPois:     It protects you from poison.
   Stlth:     It makes you more stealthy.
 l - a +2 pair of gloves (worn)
Scrolls
 d - a scroll of vulnerability {unknown}
 i - a scroll of magic mapping {unknown}
 j - a scroll of blinking
Potions
 e - 3 potions of curing
 f - a potion of heal wounds
 g - a potion of haste
 h - 2 potions of magic


   Skills:
 + Level 13.1 Fighting
 + Level 11.7 Axes
 + Level 14.2 Armour
 + Level 4.7 Dodging
 + Level 2.3 Stealth
 + Level 12.7 Shields
 + Level 1.0 Invocations


You had 8 spell levels left.
You didn't know any spells.
Your spell library contained the following spells:

 Spells                   Type           Power      Damage    Failure   Level
 Passage of Golubria      Tloc           0%         N/A       100%        4
 Yara's Violent Unravell  Hex/Tmut       0%         3d3       100%        5
 Tukima's Dance           Hex            Unusable   N/A       N/A         3

Dungeon Overview and Level Annotations

Branches:
Dungeon (1/1)

Altars:
Cheibriados
Dithmenos
Elyvilon
Fedhas
Gozag
Hepliaklqana
Kikubaaqudgha
Makhleb
Nemelex Xobeh
Okawaru
Qazlal
Ru
Sif Muna
Trog
Uskayaw
Vehumet
Wu Jian
Xom
Yredelemnul
Zin
The Shining One
Jiyva
Lugonu

Shops:
D ([[


Innate Abilities, Weirdness & Mutations

You have a pair of horns on your head.
You reflexively headbutt those who attack you in melee.


Message History

* * * LOW HITPOINT WARNING * * *
You gain the combat prowess of a mighty hero.
The demonic crawler hits you but does no damage. x2
You block the demonic crawler's attack. The demonic crawler closely misses you.
You furiously retaliate!
You headbutt the demonic crawler. The demonic crawler misses you.
The demonic crawler hits you but does no damage.
Blink to where?
Press: ? - help, Dir - move target
As you read the scroll of blinking, it crumbles to dust.
You close the door.
There's nothing to close nearby.
You start resting.
You feel like a meek peon again.
You start resting.
Magic restored.
You start resting.
A gargoyle opens the door.
It is wielding a +0 flail.
There are monsters nearby!
The demonic crawler gives a hideous shriek!
You slash the demonic crawler!
The demonic crawler is almost dead.
The demonic crawler hits you but does no damage. x2
The demonic crawler hits you.
The demonic crawler shrieks in warning!
You hear a shout!
You hit the demonic crawler.
The demonic crawler is almost dead.
You hear an angry buzzing noise.
You hear a shout!
The demonic crawler shrieks in warning!
You hear a roar!
You hit the demonic crawler but do no damage.
The demonic crawler is almost dead.
The demonic crawler hits you. The demonic crawler hits you!
* * * LOW HITPOINT WARNING * * *
The demonic crawler hits you!
* * * LOW HITPOINT WARNING * * *
The demonic crawler hits you but does no damage.
The demonic crawler barely misses you. The demonic crawler hits you!
You die...

######################
..').#.)'..#__#.@s9).#
).#..'..#..'..'.s#s..##+#
####'#####'#__####...'..#
###..#...#.#### #####..+
__####..##.# +##
_____##'#_.+ _.∩...'..._#
_..__##_.#'# _____###'#.#
###


You could see 3 demonic crawlers and a gargoyle.

Vanquished Creatures
  Sonja (D)
  A deep troll (D)
  A demonic crawler (D)
  2 kobold demonologists (D)
  A slime creature (D)
  Sigmund (D)
  A yak (D)
  A floating eye (D)
  An ogre (D)
  A jelly (D)
  Ijyb (D)
12 creatures vanquished.

Vanquished Creatures (others)
  2 ballistomycete spores (D)
2 creatures vanquished.

Grand Total: 14 creatures vanquished

Notes
Turn   | Place    | Note
-------+----------+-------------------------------------------
     0 | D        | smarlow the Minotaur Fighter began the quest for the Orb.
     0 | D        | Reached XP level 1. HP: 19/19 MP: 0/0
     3 | D        | Noticed Ijyb
     8 | D        | Paralysed by Ijyb for 4 turns
    12 | D        | Killed Ijyb
    13 | D        | Reached skill level 5 in Fighting
    13 | D        | Reached skill level 5 in Armour
    13 | D        | Reached skill level 5 in Shields
    13 | D        | Reached XP level 2. HP: 24/29 MP: 1/1
    15 | D        | Noticed an ogre
    19 | D        | Killed an ogre
    20 | D        | Reached skill level 7 in Armour
    20 | D        | Reached XP level 3. HP: 17/38 MP: 2/2
    20 | D        | Reached XP level 4. HP: 20/45 MP: 3/3
    23 | D        | Noticed Sigmund
    32 | D        | Killed Sigmund
    33 | D        | Reached skill level 5 in Axes
    33 | D        | Reached skill level 9 in Armour
    33 | D        | Reached XP level 5. HP: 6/56 MP: 4/4
    33 | D        | Reached XP level 6. HP: 7/62 MP: 5/5
   317 | D        | Found a shimmering blue altar of Sif Muna.
   318 | D        | Found an ornate altar of the Wu Jian Council.
   319 | D        | Found a radiant altar of Vehumet.
   456 | D        | Found Qukk's Antique Armour Emporium.
   456 | D        | Found an ancient bone altar of Kikubaaqudgha.
   456 | D        | Found a hazy altar of Hepliaklqana.
   456 | D        | Found a stormy altar of Qazlal.
   456 | D        | Found a hide-covered altar of Uskayaw.
   456 | D        | Found a blossoming altar of Fedhas.
   456 | D        | Found a bloodstained altar of Trog.
   456 | D        | Found an iron altar of Okawaru.
   456 | D        | Found a basalt altar of Yredelemnul.
   456 | D        | Found a glowing golden altar of the Shining One.
   456 | D        | Found a snail-covered altar of Cheibriados.
   456 | D        | Found a sacrificial altar of Ru.
   456 | D        | Found a glowing silver altar of Zin.
   456 | D        | Found a shadowy altar of Dithmenos.
   456 | D        | Found a white marble altar of Elyvilon.
   456 | D        | Noticed a yak
   460 | D        | Killed a yak
   461 | D        | Reached skill level 10 in Armour
   461 | D        | Found an opulent altar of Gozag.
   462 | D        | Found a sparkling altar of Nemelex Xobeh.
   471 | D        | Became a worshipper of Warmaster Okawaru
   473 | D        | Bought a jewelled ring mail for 198 gold pieces
   473 | D        | Identified the +4 ring mail of Tenacity {rElec rPois Dex-4
                  | Stlth+} (You bought it in a shop in the Dungeon)
   490 | D        | Noticed Sonja
   496 | D        | Killed Sonja
   496 | D        | Reached * piety under Okawaru
   496 | D        | Reached ** piety under Okawaru
   497 | D        | Reached skill level 12 in Armour
   497 | D        | Reached XP level 7. HP: 74/74 MP: 6/6
   497 | D        | Reached XP level 8. HP: 82/82 MP: 7/7
   688 | D        | Found Ciajen's Weapon Boutique.
   708 | D        | Noticed a deep troll
   720 | D        | Killed a deep troll
   721 | D        | Reached skill level 13 in Armour
   721 | D        | Reached skill level 1 in Stealth
   730 | D        | Found Politisu's Armour Emporium.
   737 | D        | Bought a +2 pair of gloves for 165 gold pieces
   931 | D        | Found a viscous altar of Jiyva.
   931 | D        | Found a corrupted altar of Lugonu.
   931 | D        | Noticed a slime creature
   932 | D        | Found a burning altar of Makhleb.
   932 | D        | Found a shimmering altar of Xom.
   938 | D        | Killed a slime creature
   939 | D        | Reached skill level 10 in Axes
  1068 | D        | Noticed a kobold demonologist
  1069 | D        | Noticed a kobold demonologist
  1080 | D        | Killed a kobold demonologist
  1080 | D        | Reached *** piety under Okawaru
  1081 | D        | Reached XP level 9. HP: 92/92 MP: 6/8
  1083 | D        | Noticed a smoke demon
  1088 | D        | Noticed a rust devil
  1090 | D        | Killed a kobold demonologist
  1091 | D        | Reached skill level 14 in Armour
  1242 | D        | Noticed a demonic crawler
  1242 | D        | Noticed a demonic crawler
  1242 | D        | Noticed a demonic crawler
  1242 | D        | Noticed a demonic crawler
  1250 | D        | Noticed a gargoyle
  1251 | D        | Killed a demonic crawler
  1252 | D        | Reached skill level 1 in Invocations
  1297 | D        | Slain by a demonic crawler

Illustrated notes

Levels and vault maps discovered:
D:        dungeon_sprint_1 [red_sonja_temple_1, red_sonja_temple_small_1]

Skill      XL: |  1  2  3  4  5  6  7  8  9 |
---------------+----------------------------+-----
Fighting       | 5 6 8 11 12 13 | 13.1
Axes           | 3 4 5 8 10 11 | 11.7
Armour         | 5 7 9 12 13 14 | 14.2
Shields        | 5 6 8 11 12 | 12.7
Dodging        | 2 4 |  4.7
Stealth        | 1 2 |  2.3
Invocations    | 1 |  1.0

Action                   |  1- 3 |  4- 6 |  7- 9 || total
-------------------------+-------+-------+-------++-------
Melee: War axe           |     9 |    14 |    50 ||    73
       Headbutt          |     1 |     1 |    10 ||    12
Invok: Heroism           |       |       |     5 ||     5
  Use: Potion            |     1 |     1 |       ||     2
       Scroll            |       |       |     1 ||     1
 Stab: Sleeping          |       |       |     2 ||     2
Armor: Scale mail        |     4 |     4 |       ||     8
       Ring mail         |       |     2 |    37 ||    39
Dodge: Dodged            |     1 |     7 |    30 ||    38
Block: Buckler           |     2 |     4 |    20 ||    26
